 Dungeon Crawl Stone Soup version 0.17.0-25-gefc9c12 (console) character file.

1790 gw the Cudgeler (level 8, -3/76 HPs)
             Began as a Deep Dwarf Chaos Knight on Nov 19, 2015.
             Was a Follower of Nemelex Xobeh.
             Succumbed to a killer bee's poison
             ... on level 7 of the Dungeon.
             The game lasted 00:06:09 (5689 turns).

gw the Cudgeler (Deep Dwarf Chaos Knight)           Turns: 5689, Time: 00:06:09

Health: -3/76      AC: 12    Str: 14    XL:     8   Next: 82%
Magic:  0/0        EV:  2    Int: 13    God:    Nemelex Xobeh [*.....]
Gold:   293        SH:  0    Dex: -1 (12) Spells: 0 memorised, 7 levels left

rFire  . . .     SeeInvis .     a - +1 morningstar
rCold  . . .     Clarity  .     h - +0 plate armour
rNeg   . . .     SustAt   .     (no shield)
rPois  .         Gourm    .     (helmet restricted)
rElec  .         Spirit   .     k - +0 cloak
rCorr  .         Warding  .     (no gloves)
rMut   .         Stasis   .     g - +1 pair of boots
MR     +....                    (no amulet)
Stlth  ..........               (no ring)
                                (no ring)

@: lethally poisoned (-3 -> -10), non-regenerating, slowed, lost dexterity,
heavily drained, very slow, somewhat resistant to hostile enchantments,
extremely unstealthy
A: damage resistance, recharge devices, antennae 1, fangs 1, rugged brown scales
1, thin metallic scales 1, clumsy 1, deformed body, sense surroundings 1, slow
regeneration 3, weak 1
a: Device Recharging, Renounce Religion


You were on level 7 of the Dungeon.
You worshipped Nemelex Xobeh.
Nemelex Xobeh was aware of your devotion.
You were near starving.

You visited 2 branches of the dungeon, and saw 8 of its levels.

You collected 293 gold pieces.

Inventory:

Hand Weapons
 a - a +1 morningstar (weapon)
Missiles
 f - 31 bolts
Armour
 g - a +1 pair of boots (worn)
 h - a +0 plate armour (worn)
 k - a +0 cloak (worn)
Wands
 c - a wand of heal wounds (0)
 l - a wand of random effects (30)
 q - a wand of magic darts (24)
Scrolls
 b - 6 scrolls of remove curse
 e - 3 scrolls of magic mapping
 n - a scroll of teleportation
 o - 6 scrolls of identify
Potions
 p - a potion of ambrosia
Miscellaneous
 x - a plain deck of war
Comestibles
 d - 4 bread rations
 i - a royal jelly
 j - 2 meat rations
 v - a beef jerky


   Skills:
 + Level 5.3(2.7) Fighting
 * Level 7.8(5.0) Maces & Flails
 + Level 6.0(3.4) Armour
 - Level 1.1(0.0) Dodging
 * Level 6.6(3.9) Evocations


You had 7 spell levels left.
You didn't know any spells.

Dungeon Overview and Level Annotations

Branches:
Dungeon (7/15)             Temple (1/1) D:4

Altars:
Dithmenos
Elyvilon
Fedhas
Gozag
Kikubaaqudgha
Makhleb
Nemelex Xobeh
Okawaru
Qazlal
Sif Muna
Vehumet
Xom
Zin

Shops:
D:5 :


Innate Abilities, Weirdness & Mutations

You are resistant to damage.
You can recharge devices by infusing magical energy.
You passively map a small area around you.
You do not regenerate naturally.
You have a pair of small antennae on your head.
You have very sharp teeth.
You are partially covered in rugged brown scales (AC +1, +3% HP).
You are partially covered in thin metallic scales (AC +2).
You are clumsy. (Dex -2)
Armour fits poorly on your strangely shaped body.
You are weak. (Str -2)


Message History

The killer bee stings you.
The killer bee stings you but does no damage.
The killer bee barely misses you.
The killer bee stings you but does no damage. x2
ATTACKING (1,-1)
You hit the killer bee.
The killer bee is lightly wounded.
You feel very sick. The killer bee stings you.
The killer bee stings you but does no damage.
The killer bee stings you. x2
The killer bee stings you but does no damage.
The killer bee barely misses you. x2
A crimson imp comes into view.
ATTACKING (1,-1)
You hit the killer bee but do no damage.
The killer bee is lightly wounded.
You die...
Xom cackles wildly!
Your body disappears without a glow.

, , * , .. , ,, * ,, ,
...,, #. #.## * ,* *
#. ... * * , #.#*
*#.#* * < *, #..###
#..####* ,
####...####...y####.5
##........###.gyy..!..
#.............##y.####
#..........#### ..# *
* ##........##### **.#
* ######.......# # ,
#....##.###* *
####(##...#* ,
#..##### * * ##.####
*,


You could see 4 killer bees and a crimson imp.

Table legend:
 A = Turns spent in this place as a percentage of turns spent in the entire game.
 B = Non-inter-level travel turns spent in this place as a percentage of non-inter-level travel turns spent in the entire game.
 C = Inter-level travel turns spent in this place as a percentage of turns spent in this place.
 D = Turns resting spent in this place as a percentage of non-inter-level travel turns spent in this place.
 E = Turns spent auto-exploring this place as a percentage of non-inter-level travel turns spent in this place.
 F = Non-inter-level travel turns spent in this place divided by the number of levels of this place that you've seen.
                   A       B       C       D       E      F
               +-------+-------+-------+-------+-------+----------------------
         Total | 100.0 | 100.0 |   0.8 |   0.1 |   2.3 | 1274.5
       Dungeon |  98.4 |  98.4 |   0.8 |   0.1 |   2.2 | 1433.9
        Temple |   1.6 |   1.6 |   0.6 |   0.0 |   5.0 | 159.0
               +-------+-------+-------+-------+-------+----------------------

Table legend:
 A = Kills in this place as a percentage of kills in entire the game.
 B = Kills by you in this place as a percentage of kills by you in the entire game.
 C = Kills by friends in this place as a percentage of kills by friends in the entire game.
 D = Other kills in this place as a percentage of other kills in the entire game.
 E = Experience gained in this place as a percentage of experience gained in the entire game.
 F = Experience gained in this place divided by the number of levels of this place that you have seen.
                   A       B       C       D       E      F
               +-------+-------+-------+-------+-------+----------------------
         Total | 100.0 | 100.0 |  -nan | 100.0 | 100.0 | 319.8
       Dungeon | 100.0 | 100.0 |  -nan | 100.0 | 100.0 | 365.4
               +-------+-------+-------+-------+-------+----------------------

Vanquished Creatures
  Pikel (D:6)
  The ghost of gw the Unlucky Dwarf, an amateur DDAE of Nemelex Xobeh (D:4)
  2 sky beasts (D:5)
  An iguana (D:6)
  A slave (D:6)
  2 centaurs
  2 ogres
  Blork the orc (D:4)
  A scorpion (D:5)
  A giant frog zombie (D:5)
  An orc priest (D:3)
  A giant frog skeleton (D:6)
  2 hounds
  2 orc wizards
  Natasha (thrice) (D:3)
  4 worker ants
  5 gnolls (D:5)
  An adder (D:2)
  2 oozes
  4 worms
  An adder skeleton (D:4)
  3 giant geckos
  11 orcs
  2 ball pythons
  6 giant cockroaches
  7 hobgoblins
  4 jackals
  3 quokkas
  A ball python skeleton (D:5)
  12 bats
  2 giant gecko skeletons (D:5)
  2 giant newts
  7 goblins
  8 kobolds
  7 rats
114 creatures vanquished.

Vanquished Creatures (others)
  A slave (D:6)
  An orc wizard (D:6)
2 creatures vanquished.

Grand Total: 116 creatures vanquished

Notes
Turn   | Place    | Note
--------------------------------------------------------------
     0 | D:1      | gw the Deep Dwarf Chaos Knight began the quest for the Orb.
     0 | D:1      | Reached XP level 1. HP: 20/20 MP: 1/1
     0 | D:1      | Fell from the grace of Xom
    32 | D:1      | Reached skill level 1 in Evocations
   121 | D:1      | Reached XP level 2. HP: 22/27 MP: 2/2
   549 | D:1      | XOM: medium Pois miscast
   638 | D:1      | XOM: give mutations
   638 | D:1      | Gained mutation: You are clumsy. (Dex -2) [Xom's mischief]
   638 | D:1      | Gained mutation: Armour fits poorly on your strangely shaped body. [Xom's mischief]
   813 | D:2      | Reached XP level 3. HP: 17/34 MP: 4/4
   905 | D:2      | XOM: give mutations
   905 | D:2      | Gained mutation: You are weak. (Str -2) [Xom's mischief]
   905 | D:2      | Gained mutation: You are partially covered in thin metallic scales (AC +2). [Xom's mischief]
   905 | D:2      | Gained mutation: Your mind is acute. (Int +2) [Xom's mischief]
  1417 | D:2      | Gained mutation: You have very sharp teeth. [potion of mutation]
  1417 | D:2      | Gained mutation: You are partially covered in rugged brown scales (AC +1, +3% HP). [potion of mutation]
  1554 | D:3      | Reached XP level 4. HP: 39/43 MP: 5/5
  1680 | D:3      | Noticed an ogre
  1695 | D:3      | Killed an ogre
  1695 | D:3      | Reached skill level 4 in Maces & Flails
  1695 | D:3      | Reached XP level 5. HP: 40/50 MP: 6/6
  1715 | D:3      | XOM: mild Chrm miscast
  1723 | D:3      | Noticed Natasha
  1756 | D:3      | Killed Natasha
  1825 | D:3      | Noticed Natasha
  1847 | D:3      | Killed Natasha
  1926 | D:3      | Noticed Natasha
  1931 | D:3      | Killed Natasha
  2012 | D:3      | Found a faded altar to an unknown god.
  2123 | D:3      | XOM: mild Air miscast
  2133 | D:3      | Found a glowing silver altar of Zin.
  2331 | D:3      | XOM: medium Ice miscast
  2353 | D:3      | XOM: give mutations
  2353 | D:3      | Lost mutation: You are weak. (Str -2) [Xom's mischief]
  2353 | D:3      | Lost mutation: Your mind is acute. (Int +2) [Xom's mischief]
  2384 | D:3      | XOM: summons 3 hostile demons
  2385 | D:3      | Noticed a rust devil
  2920 | D:4      | Noticed a centaur
  2929 | D:4      | Killed a centaur
  2929 | D:4      | Reached skill level 5 in Maces & Flails
  2929 | D:4      | Reached XP level 6. HP: 43/58 MP: 4/4
  3132 | D:3      | XOM: give mutation
  3132 | D:3      | Gained mutation: You have a pair of small antennae on your head. [Xom's mischief]
  3159 | D:3      | XOM: torment (25/58 hp)
  3479 | D:4      | Noticed Blork the orc
  3491 | D:4      | Killed Blork the orc
  3526 | D:4      | Noticed gw's ghost (amateur DDAE)
  3567 | D:4      | Killed gw's ghost
  3567 | D:4      | Reached skill level 6 in Maces & Flails
  3567 | D:4      | Reached skill level 5 in Armour
  3567 | D:4      | Reached XP level 7. HP: 44/67 MP: 5/5
  3579 | D:4      | XOM: noise
  3757 | D:3      | XOM: medium Erth miscast
  3875 | D:4      | Found a staircase to the Ecumenical Temple.
  3891 | Temple   | Entered the Ecumenical Temple
  3895 | Temple   | Became a worshipper of Nemelex Xobeh the Trickster
  4002 | Temple   | XOM: stat loss: -3 Str (12/15)
  4131 | D:5      | XOM: noise
  4131 | D:5      | Entered Level 5 of the Dungeon
  4131 | D:5      | Found Saqaps's Book Shop.
  4324 | D:5      | Reached XP level 8. HP: 61/75 MP: 5/5
  4415 | D:5      | Found a radiant altar of Vehumet.
  4421 | D:5      | Reached skill level 7 in Maces & Flails
  4467 | D:5      | Reached skill level 5 in Evocations
  4481 | D:5      | Received a gift from Nemelex Xobeh
  4488 | D:5      | XOM: summons 5 hostile shadow creatures
  4584 | D:5      | XOM: polymorph jackal -> gnoll
  4623 | D:5      | Found a stormy altar of Qazlal.
  4923 | D:6      | Noticed Pikel
  4933 | D:6      | XOM: medium Ice miscast
  4961 | D:6      | Killed Pikel
  4961 | D:6      | Reached skill level 5 in Fighting
  5078 | D:6      | XOM: give mutation
  5078 | D:6      | Gained mutation: You are weak. (Str -2) [Xom's mischief]
  5202 | D:6      | Reached * piety under Nemelex Xobeh
  5276 | D:6      | XOM: summons 4 hostile demons
  5299 | D:6      | Lost dexterity.
  5368 | D:6      | Received a gift from Nemelex Xobeh
  5681 | D:7      | XOM: noise
  5688 | D:7      | HP: 3/76 [poisoned by a killer bee]
  5688 | D:7      | HP: 1/76 [killer bee (1)]
  5689 | D:7      | Succumbed to a killer bee's poison

Action                   |  1- 3 |  4- 6 |  7- 9 || total
-------------------------+-------+-------+-------++-------
Melee: Mace              |   155 |       |       ||   155
       Morningstar       |       |   206 |   387 ||   593
Invok: Renounce Religion |     1 |       |       ||     1
 Abil: Device Recharging |       |     3 |     9 ||    12
Evoke: Wand              |     1 |    20 |    45 ||    66
       Deck              |       |       |     5 ||     5
  Use: Scroll            |     4 |     5 |     5 ||    14
       Potion            |     2 |     3 |     5 ||    10
 Stab: Paralysed         |     2 |       |       ||     2
  Eat: Chunk             |     2 |     8 |     7 ||    17

Vault maps used:
D:1:      saegor_arrival_simple_d
D:2:      kennysheep_generic_room_6
D:3:      zin_statuary, first_bread, ecumenical_altar_2,
          mrwooster_statue_mirror, uniq_natasha
D:4:      cheibriados_altar_1, temple_pool_a, small_statue_alley_b,
          minmay_cut_off, uniq_blork_the_orc
D:5:      kennysheep_mini_moat, serial_shops, shop, st_stairs_9,
          vehumet_altar_wand_db
D:6:      uniq_pikel
D:7:      uniq_menkaure, uniq_prince_ribbit1
Temple:   triangle_lava_temple_11
